AoeStats
← CATOZ

Arena

514322426Analyzed
1v1 RM · 3d ago on Oct 17, 2026· 26m 9s· 2 players
Game mode
Random Map
Map size
Tiny (2 player)
Population
200
Speed
Normal
Resources
Standard
Victory
Conquest
Starting age
Dark Age
Ending age
Imperial Age
RankedLock teamsTeams togetherTeam positionsShared explorationLock speedFull tech treeHidden civsTurbo modeCheats
Victory
Defeat
🇵🇪 Britons · Peru
671
+17
vs
🇹🇼 Burgundians · Taiwan
691
-22
CATOZ
12:49 Feudal Age
17:05 Castle Age
15:46 Stone Mining
16:39 Fletching
18:32 Loom
20:05 Bodkin Arrow
滅滅
1:27 Loom
6:18 Double-Bit Axe
10:56 Feudal Age
13:26 Horse Collar
17:58 Castle Age
16:38 Bow Saw
21:33 Heavy Plow
23:40 Stone Mining
Connection lost

Rejoining the realm…

Still unreachable

The connection could not be restored.

Session expired

The server has moved on; the page needs a fresh start.